 Dungeon Crawl Stone Soup version 0.31-a0-1612-g4aaf141 (webtiles) character file.

Game seed: 13078298885502257701

468396 dontdoit the Slayer (level 24, -15/273 (286) HPs)
             Began as an Oni Gladiator on Jan 6, 2024.
             Was the Champion of Okawaru.
             Shot with a bolt by a yaktaur captain (32 damage)
             ... on level 5 of the Vaults on Jan 9, 2024.
             The game lasted 04:21:27 (69657 turns).

dontdoit the Slayer (Oni Gladiator)                Turns: 69657, Time: 04:21:28

HP:   -15/273 (286) AC: 33    Str: 33    XL:     24   Next: 62%
MP:   31/31         EV: 13    Int:  6    God:    Okawaru [******]
Gold: 4551          SH:  5    Dex: 16    Spells: 23/23 levels left

rFire   + + .        L - +9 executioner's axe (heavy)
rCold   + + .        (shield currently unavailable)
rNeg    . . .        U - +9 scales of the Dragon King {rPois rF+ rC+ Will+}
rPois   +            X - +2 hat
rElec   +            N - scarf {rC+ rF+}
rCorr   +            (gloves unavailable)
SInv    .            (boots unavailable)
Will    +++..        Y - amulet of reflection Stlth
                     k - +5 ring of evasion
HPRegen 0.65/turn    R - ring of Dogygem {rElec rPois rCorr Str+6 Int-3}
MPRegen 0.22/turn

%: reflection
@: lightly drained
A: large, unfitting armour, horns 1, tough skin 1, double potion healing,
drunken brawling
}: 2/15 runes: serpentine, barnacled
a: Renounce Religion, Heroism, Finesse, Duel


You were on level 5 of the Vaults.
You worshipped Okawaru.
Okawaru was exalted by your worship.
You visited 9 branches of the dungeon, and saw 43 of its levels.
You visited 1 bazaar.
You also visited: Ice Cave.

You collected 8779 gold pieces.
You spent 4228 gold pieces at shops.

Inventory:

Hand Weapons
 j - the +7 mace of Variability {chaos, chaos arc}
   (You found it on level 9 of the Dungeon)
 D - a +2 great mace of holy wrath
 L - a +9 heavy executioner's axe (weapon)
 T - the +7 great mace of Xutom {protect, Fly Int+2 Dex+2}
   (Okawaru gifted it to you on level 3 of the Lair of Beasts)

   Int+2:     It affects your intelligence (+2).
   Dex+2:     It affects your dexterity (+2).
   Fly:       It grants you flight.
Missiles
 c - 12 silver javelins
 d - 8 throwing nets
 q - 51 large rocks (quivered)
 E - 3 curare-tipped darts
Armour
 I - a +0 cloak of willpower
 N - a scarf of resistance (worn)
 U - the +9 scales of the Dragon King (worn) {rPois rF+ rC+ Will+}
   (Okawaru gifted it to you on level 3 of the Lair of Beasts)

   rF+:       It protects you from fire.
   rC+:       It protects you from cold.
   rPois:     It protects you from poison Will+: It increases your willpower.
 X - a +2 hat (worn)
Jewellery
 b - the ring of Myricus {Fly rElec Slay+3 Stlth-}
   (You took it off a deep elf annihilator on level 3 of the Elven Halls)

   [ring of flight]

   Slay+3:    It affects your accuracy & damage with ranged weapons and melee
   (+3).
   rElec:     It insulates you from electricity.
   Fly:       It grants you flight.
   Stlth-:    It makes you less stealthy.
 g - a ring of see invisible
 k - a +5 ring of evasion (left hand)
 B - a ring of resist corrosion
 F - a ring of positive energy
 R - the ring of Dogygem (right hand) {rElec rPois rCorr Str+6 Int-3}
   (You bought it in a shop on level 1 of the Depths)

   [ring of strength]

   Str+6:     It affects your strength (+6).
   Int-3:     It affects your intelligence (-3).
   rElec:     It insulates you from electricity.
   rPois:     It protects you from poison rCorr: It protects you from acid and
   corrosion.
 Y - an amulet of reflection (around neck)
Wands
 i - a wand of digging (5)
 p - a wand of light (25)
 r - a wand of paralysis (30)
 z - a wand of flame (73)
 G - a wand of mindburst (20)
 J - a wand of polymorph (11)
 M - a wand of roots (29)
Scrolls
 a - 7 scrolls of poison
 f - 3 scrolls of immolation
 s - 3 scrolls of fear
 v - 2 scrolls of enchant weapon
 x - 3 scrolls of blinking
 y - 4 scrolls of enchant armour
 K - 7 scrolls of teleportation
 Q - 8 scrolls of fog
 S - 6 scrolls of revelation
 Z - 5 scrolls of silence
Potions
 l - 11 potions of enlightenment
 n - 4 potions of might
 o - 2 potions of cancellation
 u - 4 potions of haste
 w - 2 potions of mutation
 A - 6 potions of magic
 C - 8 potions of curing
 H - 3 potions of resistance
 V - a potion of invisibility
 W - 2 potions of berserk rage


   Skills:
 + Level 25.0 Fighting
 * Level 16.0(22.1) Axes
 - Level 24.6(26.2) Maces & Flails
 - Level 15.2 Throwing
 + Level 17.3 Armour
 + Level 7.0 Dodging
 - Level 11.0 Invocations
 - Level 11.3 Evocations


You had 23 spell levels left.
You didn't know any spells.
Your spell library contained the following spells:

 Spells                   Type           Power      Damage    Failure   Level
 Foxfire                  Conj/Fire      0%         2x1d4     99%         1
 Kiss of Death            Conj/Necr      0%         2d5       99%         1
 Magic Dart               Conj           0%         1d3       99%         1
 Necrotise                Necr           0%         1d4       99%         1
 Sting                    Conj/Alch      0%         1d3       99%         1
 Cigotuvi's Dreadful Rot  Necr/Alch/Air  0%         N/A       100%        2
 Ensorcelled Hibernation  Hex/Ice        0%         N/A       100%        2
 Mercury Vapours          Alch/Air       0%         N/A       100%        2
 Scorch                   Fire           0%         2d5       100%        2
 Searing Ray              Conj           0%         2d4       100%        2
 Static Discharge         Conj/Air       0%         3-3/arc   100%        2
 Sublimation of Blood     Necr           0%         N/A       100%        2
 Frozen Ramparts          Ice            0%         1d1       100%        3
 Fugue of the Fallen      Necr           0%         N/A       100%        3
 Mephitic Cloud           Conj/Alch/Air  0%         N/A       100%        3
 Ozocubu's Armour         Ice            0%         N/A       100%        3
 Passwall                 Erth           0%         N/A       100%        3
 Sigil of Binding         Hex            0%         N/A       100%        3
 Stone Arrow              Conj/Erth      0%         3d7       100%        3
 Vampiric Draining        Necr           0%         2d6       100%        3
 Volatile Blastmotes      Fire/Tloc      0%         2d10      100%        3
 Airstrike                Air            0%         2d(0-16)  100%        4
 Anguish                  Hex/Necr       0%         N/A       100%        4
 Cause Fear               Hex            0%         N/A       100%        4
 Dimensional Bullseye     Hex/Tloc       0%         N/A       100%        4
 Dispel Undead            Necr           0%         3d6       100%        4
 Fulminant Prism          Conj/Alch      0%         3d5       100%        4
 Ignite Poison            Fire/Alch      0%         N/A       100%        4
 Iskenderun's Mystic Bla  Conj/Tloc      0%         2d3       100%        4
 Leda's Liquefaction      Alch/Erth      0%         N/A       100%        4
 Manifold Assault         Tloc           0%         N/A       100%        4
 Petrify                  Alch/Erth      0%         N/A       100%        4
 Vhi's Electric Charge    Tloc/Air       0%         N/A       100%        4
 Arcjolt                  Conj/Air       0%         1d10      100%        5
 Borgnjor's Vile Clutch   Necr/Erth      0%         N/A       100%        5
 Curse of Agony           Necr           0%         N/A       100%        5
 Fireball                 Conj/Fire      0%         3d3       100%        5
 Freezing Cloud           Conj/Ice/Air   0%         6-21      100%        5
 Lee's Rapid Deconstruct  Erth           0%         3d4*      100%        5
 Metabolic Englaciation   Hex/Ice        0%         N/A       100%        5
 Plasma Beam              Fire/Air       0%         2x1d10    100%        6
 Starburst                Conj/Fire      0%         6d3       100%        6
 Death's Door             Necr           0%         N/A       100%        9
 Fire Storm               Conj/Fire      0%         5d1       100%        9
 Call Canine Familiar     Summ           Unusable   N/A       N/A         3
 Summon Ice Beast         Ice/Summ       Unusable   N/A       N/A         3
 Animate Armour           Summ/Erth      Unusable   N/A       N/A         4
 Animate Dead             Necr           Unusable   N/A       N/A         4
 Martyr's Knell           Necr/Summ      Unusable   N/A       N/A         4
 Summon Lightning Spire   Summ/Air       Unusable   N/A       N/A         4
 Summon Mana Viper        Hex/Summ       Unusable   N/A       N/A         5
 Death Channel            Necr           Unusable   N/A       N/A         6
 Sculpt Simulacrum        Ice/Alch       Unusable   N/A       N/A         6
 Malign Gateway           Summ/Tloc      Unusable   N/A       N/A         7
 Monstrous Menagerie      Summ           Unusable   N/A       N/A         7
 Infestation              Necr           Unusable   N/A       N/A         8
 Summon Horrible Things   Summ           Unusable   N/A       N/A         8
 Dragon's Call            Summ           Unusable   N/A       N/A         9

Dungeon Overview and Level Annotations

Branches:
Dungeon (15/15)            Temple (1/1) D:7            Lair (5/5) D:8
 Shoals (4/4) Lair:3        Snake (4/4) Lair:2        Slime (0/5) Lair:4
    Orc (2/2) D:11            Elf (3/3) Orc:2        Vaults (5/5) D:14
  Crypt (0/3) Vaults:2     Depths (4/4) D:15            Zot (0/5) Depths:4
  IceCv (visited)

Altars:
Ashenzari
Cheibriados
Dithmenos
Elyvilon
Fedhas
Gozag
Hepliaklqana
Kikubaaqudgha
Makhleb
Nemelex Xobeh
Okawaru
Qazlal
Ru
Sif Muna
Trog
Uskayaw
Vehumet
Wu Jian
Xom
Yredelemnul
Zin
The Shining One
Jiyva
Lugonu

Shops:
D:1 :[:   D:3 [!(   D:10 !(   D:11 *   D:13 *   Orc:2 [*(=   Elf:1 ([*
Elf:2 *   Shoals:2 =   Vaults:1 [   Vaults:3 [*   Depths:1 :==   Depths:2 *[(
Depths:4 =!

Portals:
Hell: Depths:1 Depths:2 Depths:3 Depths:4
Abyss: Lair:5 Depths:1 Depths:3
Pandemonium: Depths:2 Depths:4
Ziggurat: Depths:1

Annotations:
D:12 1 transporter, Jorgrun
Snake:2 2 transporters, roomforsquares's ghost, adept TrFi
Snake:4 1 runed translucent door, CountryCottage's ghost, adept VSBe


Innate Abilities, Weirdness & Mutations

You are too large for most types of armour.
You have a pair of small horns on your head.
You have tough skin. (AC +1)
You gain doubled healing and magic from potions.
Whenever you drink a healing potion, you attack all around you.


Message History

* * * LOW HITPOINT WARNING * * *
The yaktaur captain shouts!
Found a scroll of identify.
The yaktaur captain shouts!
You hear a shout!
You hear a deafening roar!
Found an embroidered robe.
The ogre mage hits you but does no damage.
You dice the ogre mage like an onion!!! You headbutt the ogre mage!
The ogre mage is severely wounded.
You slice the ettin like a ripe choko!!!
You kill the ettin!
Okawaru accepts your kill.
The ogre mage hits you with a +0 halberd.
* * * LOW HITPOINT WARNING * * *
The yaktaur shoots a bolt.
The bolt hits the ogre mage!!
The ogre mage dies!
The yaktaur throws a stone.
The yaktaur captain shoots a bolt.
Your base Axes skill increases to level 16!
The yaktaur captain wields a +2 arbalest of flaming.
It bursts into flame!
The yaktaur captain shoots a bolt.
The bolt hits you but does no damage.
The yaktaur shoots a bolt.
The bolt hits you but does no damage.
The yaktaur throws a stone.
You block the stone with an invisible shield... and reflect it back!
The stone hits the yaktaur!
Things that are here:
50 gold pieces; a +0 halberd; a +0 robe You savour every drop.
You feel better.
You flicker back into view.
The yaktaur shoots a bolt.
The bolt hits you!
* * * LOW HITPOINT WARNING * * *
The yaktaur captain shoots a bolt.
The bolt hits you but does no damage.
The yaktaur captain shoots a bolt.
The bolt hits you!
* * * LOW HITPOINT WARNING * * *
The yaktaur captain shoots a bolt.
The bolt barely misses you.
Things that are here:
a +0 giant spiked club; a +0 dire flail The yaktaur shoots a bolt.
You block the bolt with an invisible shield... and reflect it back!
The bolt hits the yaktaur!!
The yaktaur captain shoots a bolt.
The bolt hits you!!
You die...

#####.... O....
... ### ...#..
.... ##[## ....#..
.... ##.(:##
.....###.....###
...'#....c....#'.
#'.....c.....'#
###....)@)...p..#
##......)c).c.....
#?.....$..........
[.................
#.................
##................
###.............#
#'...........'
.'#.........#


You could see 2 yaktaur captains, an ironbound convoker and 2 yaktaurs.

Vanquished Creatures
  Frederick (Vaults:4)
  Mara (Shoals:3)
  A juggernaut (Depths:3)
  Xtahua (Vaults:4)
  The ghost of Izusibb the Metallomancer, a veteran DjCj of Makhleb (Vaults:4)
  9 caustic shrikes
  4 golden dragons
  Jory (Vaults:3)
  Nikola (Vaults:1)
  the Enchantress (Depths:1)
  2 walking crystal tomes (Depths:3)
  2 tentacled monstrosities
  3 walking earthen tomes
  Zenata (Vaults:1)
  3 titans
  A quicksilver dragon (Depths:4)
  Asterion (Snake:1)
  A lich (Depths:3)
  2 deep elf blademasters (Elf:3)
  2 deep elf master archers (Elf:3)
  7 sphinxes
  A kraken (Shoals:1)
  Agnes (Snake:1)
  Kirke (Lair:5)
  A storm dragon (Depths:3)
  2 tengu reavers
  A shadow dragon (Depths:3)
  9 nagarajas (Snake:4)
  Aizul (Snake:1)
  An iron dragon (Depths:3)
  A draconian knight (Depths:4)
  A draconian monk (Depths:4)
  5 deep elf sorcerers
  2 fire giants
  8 frost giants
  10 vault wardens
  Ilsuiw (Shoals:3)
  The ghost of Wufeno the Severer, a journeyman HOFi of Qazlal (Lair:3)
  A ghoul (Vaults:2)
  3 deep elf elementalists (Elf:3)
  5 orc warlords
  4 spriggan defenders
  A formless jellyfish (Vaults:4)
  17 very ugly things
  13 ironbound preservers
  10 stone giants
  The ghost of Disoufrejy the Cleaver, a journeyman MiFi of Cheibriados (Lair:4)
  3 deep elf demonologists (Elf:3)
  Nessos (D:14)
  8 ironbound thunderhulks
  2 purple draconians (Depths:4)
  9 deep elf death magi
  2 deep elf annihilators (Elf:3)
  2 pale draconians (Depths:4)
  A vampire knight (Depths:4)
  8 spark wasps
  2 white draconians (Depths:4)
  2 yellow draconians (Depths:4)
  3 war gargoyles
  9 dire elephants
  Snorg (Orc:2)
  6 merfolk javelineers
  Josephine (Lair:4)
  15 merfolk impalers
  6 ettins
  A quicksilver dragon zombie (Depths:2)
  9 fire dragons
  4 rakshasas
  9 yaktaur captains
  4 great orbs of eyes
  4 deep elf high priests
  9 ice dragons
  Harold (D:11)
  A peacekeeper (Vaults:2)
  7 hydras
  26 vault guards
  7 spriggan air magi
  Erolcha (Orc:2)
  8 anacondas
  2 alligators (Lair:5)
  6 merfolk avatars
  3 satyrs
  14 centaur warriors
  7 ironbound frosthearts
  2 catoblepae (Lair:3)
  7 two-headed ogres
  25 dancing weapons
  3 alligator snapping turtles
  4 boulder beetles
  4 merfolk aquamancers
  7 death yaks
  2 death knights
  8 deep troll earth magi
  7 orc high priests
  A sphinx skeleton (Depths:2)
  5 spriggan berserkers
  8 tengu warriors
  2 vampire magi
  5 deep troll shamans
  2 thrashing horrors (Lair:5)
  4 naga sharpshooters
  11 naga warriors
  An occultist (Depths:2)
  12 hell knights
  11 shock serpents
  18 deep elf knights
  A sun demon (Depths:4)
  A skyshark (shapeshifter) (Vaults:5)
  A sixfirhy (Depths:4)
  3 salamander mystics
  4 skysharks
  A fire crab (D:14)
  A skeletal warrior (D:12)
  33 deep trolls
  8 iron trolls
  7 mana vipers
  A shadow demon (Depths:4)
  3 glowing orange brains
  2 flayed ghosts
  16 sea snakes
  9 deep elf archers
  An orange crystal statue (IceCv)
  6 naga ritualists
  19 ironbound convokers
  2 phantasmal warriors
  9 arcanists
  32 deep elf pyromancers
  32 deep elf zephyrmancers
  11 orc knights
  A shadow dragon zombie (Depths:2)
  17 harpies
  3 large abominations (Lair:5)
  17 lindwurms
  6 necromancers
  16 manticores
  2 oklob plants
  3 cyclopes
  20 fauns
  8 orc sorcerers
  44 ugly things
  15 salamanders
  11 elephants
  8 guardian serpents
  18 black mambas
  2 kobold blastminers (Orc:2)
  16 naga magi
  2 smoke demons
  12 vault sentinels
  3 gargoyles
  7 merfolk sirens
  2 torpor snails (Lair:5)
  11 water nymphs
  15 cane toads
  A kobold demonologist (D:9)
  4 rime drakes
  22 yaktaurs
  5 freezing wraiths
  10 komodo dragons
  2 anaconda simulacra (IceCv)
  34 merfolk
  4 tengu conjurers
  A golden dragon simulacrum (IceCv)
  A queen bee (Lair:1)
  A polar bear (Lair:4)
  A troll (shapeshifter) (D:13)
  4 wind drakes
  A hornet (shapeshifter) (Elf:2)
  9 trolls
  3 hornets
  3 glass eyes
  7 snapping turtles
  37 blink frogs
  9 dream sheep
  2 raiju (Lair:5)
  A snapping turtle (shapeshifter) (Depths:3)
  22 slime creatures
  4 air elementals
  5 spriggans
  4 shadows
  A centaur simulacrum (D:14)
  2 vampires
  9 wraiths
  5 ynoxinuls (Lair:5)
  2 spriggans (shapeshifter)
  19 water elementals
  6 wyverns
  46 yaks
  2 dire elephant simulacra (IceCv)
  3 fire elementals
  3 basilisks
  2 hogs (Lair:5)
  2 wargs
  2 steam dragons (Depths:4)
  14 vampire mosquitoes
  5 humans (Lair:5)
  3 chaos spawn (D:8)
  Menkaure (D:5)
  42 nagas
  4 acid dragons
  6 small abominations (Lair:5)
  A harpy simulacrum (IceCv)
  15 water moccasins
  2 black bears (Lair:5)
  3 ice beasts
  33 orc warriors
  3 sky beasts
  A spriggan simulacrum (Depths:2)
  3 laughing skulls
  11 wolves
  2 boggarts (D:7)
  5 ogres
  2 phantoms
  14 centaurs
  An elf simulacrum (Vaults:1)
  5 kobold brigands
  A gnoll sergeant (D:9)
  6 earth elementals
  14 bullfrogs
  4 scorpions
  35 killer bees
  2 lindwurm simulacra (IceCv)
  10 howler monkeys
  5 electric eels
  2 bombardier beetles
  16 orc priests
  2 gnoll boudas
  9 hounds
  2 jellies (D:5)
  A sleepcap (D:5)
  7 iguanas
  Jessica (D:2)
  22 orc wizards
  6 hell rats (Lair:5)
  23 gnolls
  12 adders
  A white imp (D:7)
  3 ribbon worms (D:2)
  2 dart slugs
  69 orcs
  6 bats
  5 endoplasms
  2 giant cockroaches
  30 goblins
  31 hobgoblins
  2 jackals (D:1)
  35 kobolds
  4 quokkas
  3 training dummies (D:10)
  5 ball pythons
  3 frilled lizards
  5 rats
  2 tentacles (Shoals:1)
1828 creatures vanquished.

Vanquished Creatures (collateral kills)
  A kobold (D:10)
1 creature vanquished.

Vanquished Creatures (others)
  2 fire giants
  An ogre mage (Vaults:5)
  2 deep elf knights
  A phantasmal warrior (Vaults:4)
  A steam dragon (Depths:4)
  An orc wizard (Orc:2)
  2 orcs
  6 tentacles (Shoals:1)
16 creatures vanquished.

Grand Total: 1845 creatures vanquished

Notes
Turn   | Place    | Note
-------+----------+-------------------------------------------
     0 | D:1      | dontdoit the Oni Gladiator began the quest for the Orb.
     0 | D:1      | Reached XP level 1. HP: 22/22 MP: 1/1
   107 | D:1      | Reached skill level 3 in Fighting
   107 | D:1      | Reached XP level 2. HP: 31/31 MP: 2/2
   147 | D:1      | Noticed an eye of devastation
   148 | D:1      | Found a faded altar of an unknown god.
   151 | D:1      | Noticed a great orb of eyes
   151 | D:1      | Noticed a shining eye
   151 | D:1      | Noticed a glass eye
   302 | D:1      | Found Dosu's Book Emporium.
   416 | D:1      | Reached XP level 3. HP: 35/37 MP: 3/3
   443 | D:1      | Found Kemum's Antique Armour Shoppe.
   517 | D:1      | Found Rofunnug's Antique Weapon Emporium.
   860 | D:2      | Noticed Jessica
   963 | D:2      | Killed Jessica
   964 | D:2      | Reached XP level 4. HP: 46/46 MP: 4/4
  1224 | D:2      | Found an ancient bone altar of Kikubaaqudgha.
  1557 | D:3      | Found Zaomibeniu's Distillery.
  1563 | D:3      | Reached skill level 4 in Fighting
  1597 | D:3      | Bought a potion of attraction for 36 gold pieces
  1631 | D:3      | Reached XP level 5. HP: 54/54 MP: 5/5
  1634 | D:3      | Found Zeiw's Antique Weapon Emporium.
  2189 | D:3      | Found Hanaeg's Armour Boutique.
  2798 | D:3      | Reached skill level 5 in Maces & Flails
  2876 | D:3      | Reached XP level 6. HP: 50/63 MP: 6/6
  2992 | D:3      | Identified the +5 ring mail "Liyzeeko" {Str-5 Int+4 SInv
                  | Stlth+}
  3732 | D:3      | Reached skill level 5 in Fighting
  3867 | D:3      | Bought 2 potions of heal wounds for 120 gold pieces
  3940 | D:4      | Identified the +2 pair of boots "Gemiwkaga" {Harm Str+2
                  | Int+3}
  4071 | D:4      | Reached XP level 7. HP: 72/72 MP: 7/7
  4167 | D:4      | Reached skill level 1 in Armour
  4457 | D:4      | Identified the +10 rapier of the Moon {speed, Will- Str+4}
  4460 | D:4      | Identified the +1 robe "Ejuumera" {+Blink}
  4553 | D:3      | Bought a potion of haste for 120 gold pieces
  4618 | D:5      | Entered Level 5 of the Dungeon
  4890 | D:5      | Reached skill level 1 in Evocations
  4916 | D:5      | Reached skill level 6 in Fighting
  4924 | D:5      | Reached XP level 8. HP: 42/83 MP: 8/8
  5226 | D:5      | Noticed Menkaure
  5232 | D:5      | Killed Menkaure
  5982 | D:6      | Reached skill level 7 in Fighting
  6173 | D:6      | Reached XP level 9. HP: 82/93 MP: 9/9
  6758 | D:3      | Bought a potion of mutation for 96 gold pieces
  7152 | D:7      | Reached skill level 8 in Fighting
  7162 | D:7      | Noticed a two-headed ogre
  7164 | D:7      | Noticed a two-headed ogre
  7176 | D:7      | Killed a two-headed ogre
  7184 | D:7      | Killed a two-headed ogre
  7185 | D:7      | Reached skill level 9 in Fighting
  7185 | D:7      | Reached skill level 5 in Armour
  7185 | D:7      | Reached XP level 10. HP: 35/107 MP: 10/10
  7193 | D:7      | Reached skill level 10 in Maces & Flails
  7700 | D:7      | Found a staircase to the Ecumenical Temple.
  7706 | Temple   | Entered the Ecumenical Temple
  8391 | D:8      | Identified the +7 war axe of Chaos {flame, *Rage rPois
                  | Str+5}
  8393 | D:8      | Found a staircase to the Lair.
  8566 | D:8      | Reached skill level 10 in Fighting
  8897 | D:9      | Upgraded the game from 0.31-a0-1593-ge08a94b to
                  | 0.31-a0-1608-g7d6f0ae
  8897 | D:9      | Upgraded the game from 0.31-a0-1608-g7d6f0ae to
                  | 0.31-a0-1612-g4aaf141
  8915 | D:8      | Reached skill level 5 in Throwing
  8935 | D:8      | Reached XP level 11. HP: 108/117 MP: 11/11
  9243 | D:9      | Found a shimmering altar of Xom.
  9243 | D:9      | Found the +7 mace of Variability {chaos, chaos arc}
  9826 | D:9      | Found a sparkling altar of Nemelex Xobeh.
  9898 | D:9      | Found a shadowy altar of Dithmenos.
  9994 | D:10     | Entered Level 10 of the Dungeon
 10003 | D:10     | Noticed a two-headed ogre
 10012 | D:10     | Killed a two-headed ogre
 10070 | D:10     | Found a basalt altar of Yredelemnul.
 10124 | D:10     | Noticed a two-headed ogre
 10134 | D:10     | Killed a two-headed ogre
 10135 | D:10     | Reached skill level 11 in Fighting
 10177 | D:10     | Reached skill level 5 in Dodging
 10188 | D:10     | Found Uchafra's Distillery.
 10226 | D:10     | Bought a potion of resistance for 140 gold pieces
 10226 | D:10     | Bought a potion of degeneration for 14 gold pieces
 10358 | D:10     | Found a glowing silver altar of Zin.
 10359 | D:10     | Found a radiant altar of Vehumet.
 10359 | D:10     | Found a glowing golden altar of the Shining One.
 10361 | D:10     | Found a broken altar of Ashenzari.
 10361 | D:10     | Found a shimmering altar of Xom.
 10363 | D:10     | Found a white marble altar of Elyvilon.
 10363 | D:10     | Found a bloodstained altar of Trog.
 10364 | D:10     | Found an iron altar of Okawaru.
 10373 | D:10     | Became a worshipper of Warmaster Okawaru
 10490 | D:10     | Found Picaz's Firing Range.
 10692 | D:11     | Noticed Harold
 10695 | D:11     | Reached skill level 1 in Invocations
 10700 | D:11     | Killed Harold
 10867 | D:11     | Reached * piety under Okawaru
 10870 | D:11     | Found a staircase to the Orcish Mines.
 10885 | D:11     | Found Parghour's Assorted Antiques.
 10895 | D:11     | Bought a potion of heal wounds for 155 gold pieces
 10949 | D:11     | Identified the +6 glaive of the Usurping Gods {flame, rPois
                  | rN+ MP+9 Dex-4}
 11010 | D:11     | Found a transporter.
 11083 | Lair:1   | Entered Level 1 of the Lair of Beasts
 11275 | Lair:1   | Reached XP level 12. HP: 130/130 MP: 13/13
 11671 | Lair:1   | Reached ** piety under Okawaru
 12339 | Lair:2   | Reached skill level 12 in Fighting
 12343 | Lair:2   | Reached *** piety under Okawaru
 12552 | Lair:2   | Reached skill level 5 in Invocations
 12605 | Lair:2   | Reached **** piety under Okawaru
 12632 | Lair:2   | Noticed an eight-headed hydra
 12639 | Lair:2   | Killed an eight-headed hydra
 12742 | Lair:2   | Noticed a death yak
 12754 | Lair:2   | Killed a death yak
 12774 | Lair:2   | Noticed a death yak
 12797 | Lair:2   | Noticed a death yak
 12802 | Lair:2   | Killed a death yak
 12802 | Lair:2   | Reached ***** piety under Okawaru
 12803 | Lair:2   | Reached XP level 13. HP: 138/141 MP: 17/17
 12839 | Lair:2   | Reached skill level 13 in Fighting
 13377 | Lair:2   | Found a staircase to the Snake Pit.
 13835 | Lair:3   | Received a gift from Okawaru
 13911 | Lair:3   | Found a runed translucent door.
 13911 | Lair:3   | Noticed Wufeno's ghost (journeyman HOFi)
 14020 | Lair:3   | Identified a scroll of acquirement
 14021 | Lair:3   | Acquired 966 gold pieces
 14027 | Lair:3   | Found a staircase to the Shoals.
 14190 | D:10     | Bought a manual of Throwing for 1200 gold pieces
 14362 | Lair:3   | Reached skill level 15 in Maces & Flails
 14468 | Lair:3   | You fall into a shaft and drop 2 floors!
 14468 | Lair:5   | Entered Level 5 of the Lair of Beasts
 14556 | Lair:5   | Noticed Kirke
 14592 | Lair:5   | Killed Kirke
 14592 | Lair:5   | Received a gift from Okawaru
 14593 | Lair:5   | Reached skill level 14 in Fighting
 14826 | Lair:4   | Found a transporter.
 14830 | Lair:4   | Found a transporter.
 14832 | Lair:4   | Noticed Disoufrejy's ghost (journeyman MiFi)
 14881 | Lair:4   | Identified the +2 robe of Jucsuifu {+Blink}
 15000 | Lair:3   | Reached XP level 14. HP: 152/156 MP: 19/19
 15225 | Lair:3   | Reached ****** piety under Okawaru
 15226 | Lair:3   | Acquired the +7 great mace of Xutom {protect, Fly Int+2
                  | Dex+2}
 15226 | Lair:3   | Received a gift from Okawaru
 15228 | Lair:3   | Acquired the +9 scales of the Dragon King {rPois rF+ rC+
                  | Will+}
 15228 | Lair:3   | Received a gift from Okawaru
 15228 | Lair:3   | Found the +9 scales of the Dragon King {rPois rF+ rC+
                  | Will+}
 15544 | Lair:3   | Killed Wufeno's ghost
 15705 | Lair:4   | Noticed Josephine
 15713 | Lair:4   | Killed Josephine
 16032 | Lair:4   | Received a gift from Okawaru
 16042 | Lair:4   | Found a viscous altar of Jiyva.
 16042 | Lair:4   | Found a staircase to the Slime Pits.
 16625 | Lair:4   | Killed Disoufrejy's ghost
 16925 | Lair:5   | Reached skill level 15 in Fighting
 16931 | Lair:5   | Identified the +2 scimitar "Sarcophage" {speed, Dex+2}
 17067 | Lair:5   | Received a gift from Okawaru
 17417 | Lair:5   | Reached skill level 10 in Throwing
 17785 | Lair:5   | Received a gift from Okawaru
 17877 | Lair:5   | Reached XP level 15. HP: 128/167 MP: 20/20
 18090 | Lair:5   | Found a corrupted altar of Lugonu.
 18090 | Lair:5   | Found a one-way gate to the infinite horrors of the Abyss.
 19160 | Orc:1    | Entered Level 1 of the Orcish Mines
 19836 | Orc:2    | Entered Level 2 of the Orcish Mines
 20012 | Orc:2    | Received a gift from Okawaru
 20768 | Orc:2    | Reached skill level 16 in Fighting
 20873 | Orc:2    | Noticed Erolcha
 20883 | Orc:2    | Killed Erolcha
 21041 | Orc:2    | Found a staircase to the Elven Halls.
 21085 | Orc:2    | Noticed Snorg
 21124 | Orc:2    | Killed Snorg
 21647 | Orc:2    | Noticed an orc warlord
 21664 | Orc:2    | Killed an orc warlord
 22439 | Orc:2    | Found Pefa's General Store.
 22440 | Orc:2    | Found Soysmoim's Jewellery Emporium.
 22442 | Orc:2    | Found Wigyp's Antique Armour Shoppe.
 22442 | Orc:2    | Found Fumihoh's Antique Weapon Shoppe.
 22447 | Orc:2    | Bought a glowing hat for 196 gold pieces
 22467 | Orc:2    | Bought 5 large rocks for 97 gold pieces
 22467 | Orc:2    | Bought a potion of curing for 39 gold pieces
 22469 | Orc:2    | Bought an amulet of reflection for 300 gold pieces
 23040 | D:12     | Noticed Jorgrun
 23072 | D:12     | Found a shimmering blue altar of Sif Muna.
 23076 | D:12     | Found a transporter.
 23428 | D:13     | Received a gift from Okawaru
 23539 | D:13     | Reached XP level 16. HP: 139/180 MP: 22/22
 23879 | D:13     | Found Wyafe's Assorted Antiques.
 24474 | D:14     | Reached skill level 10 in Armour
 24676 | D:14     | Noticed Nessos
 24686 | D:14     | Killed Nessos
 24876 | D:14     | Reached skill level 17 in Fighting
 25036 | D:14     | Received a gift from Okawaru
 25388 | D:14     | Found a gate to the Vaults.
 25648 | D:15     | Entered Level 15 of the Dungeon
 25722 | D:15     | Identified the amulet "Seileus" {Faith *Slow rPois rN+++
                  | Int-4}
 25762 | D:15     | Received a gift from Okawaru
 25936 | D:15     | Found a staircase to the Depths.
 26688 | D:15     | Found a shimmering altar of Xom.
 26905 | Snake:1  | Entered Level 1 of the Snake Pit
 26958 | Snake:1  | Noticed Agnes
 26971 | Snake:1  | Killed Agnes
 26971 | Snake:1  | Received a gift from Okawaru
 26993 | Snake:1  | Found a glacial archway.
 27003 | IceCv    | Entered an ice cave
 27016 | IceCv    | Found a transporter.
 27020 | IceCv    | Found a transporter.
 27031 | IceCv    | Reached skill level 5 in Evocations
 27647 | Snake:1  | Reached XP level 17. HP: 116/193 MP: 11/23
 27677 | Snake:1  | Received a gift from Okawaru
 28158 | Snake:1  | Identified the serpent talisman "Keuzo" {Dex+4}
 28158 | Snake:1  | Noticed Aizul
 28173 | Snake:1  | Killed Aizul
 28175 | Snake:1  | Reached skill level 18 in Fighting
 28322 | Snake:1  | Noticed Asterion
 28335 | Snake:1  | Noticed an Executioner
 28339 | Snake:1  | Killed Asterion
 29428 | Snake:2  | Received a gift from Okawaru
 30010 | Snake:2  | Identified the +6 morningstar "Beetlebane" {drain, Str+5
                  | Dex+3}
 30066 | Snake:2  | Found a transporter.
 30069 | Snake:2  | Noticed roomforsquares's ghost (adept TrFi)
 30083 | Snake:2  | Found a transporter.
 31360 | Snake:3  | Received a gift from Okawaru
 31499 | Snake:3  | Reached skill level 10 in Invocations
 32383 | Snake:4  | Entered Level 4 of the Snake Pit
 32753 | Snake:4  | Received a gift from Okawaru
 33386 | Snake:3  | Reached XP level 18. HP: 178/206 MP: 25/25
 33571 | Snake:4  | Found a runed translucent door.
 33571 | Snake:4  | Found a shimmering altar of Xom.
 33571 | Snake:4  | Noticed CountryCottage's ghost (adept VSBe)
 34307 | Snake:4  | Reached skill level 19 in Fighting
 34334 | Snake:4  | Received a gift from Okawaru
 34963 | Snake:4  | Got a serpentine rune of Zot
 35170 | Shoals:1 | Entered Level 1 of the Shoals
 35583 | Shoals:1 | Received a gift from Okawaru
 37568 | Shoals:2 | Received a gift from Okawaru
 37733 | Shoals:2 | Found Yrghummu's Jewellery Boutique.
 38612 | Shoals:3 | Noticed Mara
 38614 | Shoals:3 | Noticed dontdoit's illusion
 38634 | Shoals:3 | Killed Mara
 38748 | Shoals:3 | Reached XP level 19. HP: 185/218 MP: 26/26
 39254 | Shoals:3 | Noticed Ilsuiw
 39290 | Shoals:3 | Acquired 937 gold pieces
 39611 | Shoals:3 | Killed Ilsuiw
 39611 | Shoals:3 | Received a gift from Okawaru
 39624 | Shoals:3 | Reached skill level 20 in Fighting
 40211 | Shoals:4 | Entered Level 4 of the Shoals
 41488 | Shoals:4 | Identified the +2 leather armour of Peek-a-Boo {+Inv rPois
                  | Int+2}
 41491 | Shoals:4 | Identified the +1 scale mail of the Archfiend {+Inv Regen+}
 41762 | Shoals:4 | Reached skill level 1 in Axes
 42846 | Shoals:4 | Received a gift from Okawaru
 43534 | Shoals:4 | Got a barnacled rune of Zot
 43574 | Shoals:4 | Identified the +2 scale mail "Ejonless" {rC+ rN+ Str-3
                  | Stlth+}
 43869 | D:10     | Bought a potion of heal wounds for 70 gold pieces
 43869 | D:10     | Bought a potion of magic for 112 gold pieces
 43869 | D:10     | Bought a potion of curing for 42 gold pieces
 43869 | D:10     | Bought a potion of brilliance for 56 gold pieces
 44017 | D:3      | Bought a potion of curing for 36 gold pieces
 44017 | D:3      | Bought a potion of curing for 36 gold pieces
 44244 | Elf:1    | Entered Level 1 of the Elven Halls
 44246 | Elf:1    | Paralysed by an air elemental for 1 turns
 44566 | Elf:1    | Found Miecil's General Store.
 44566 | Elf:1    | Found Kiorre's Armour Shop.
 44600 | Elf:1    | Bought 2 potions of curing for 84 gold pieces
 44807 | Elf:1    | Found an ancient bone altar of Kikubaaqudgha.
 45309 | Elf:1    | You are sucked into a shaft and drop 1 floor!
 45724 | Elf:1    | Found Jimo's Antique Weapon Emporium.
 45804 | Elf:2    | Found Souchul's Neck Hole.
 45819 | Elf:2    | Received a gift from Okawaru
 45834 | Elf:2    | Reached skill level 5 in Axes
 46391 | Elf:2    | Reached XP level 20. HP: 187/231 MP: 28/28
 46791 | Elf:2    | Found a runed translucent gate.
 46792 | Elf:2    | Found a runed translucent gate.
 46792 | Elf:2    | Found a runed translucent gate.
 47068 | Elf:2    | Received a gift from Okawaru
 47581 | Elf:2    | Reached skill level 21 in Fighting
 48068 | Elf:3    | Entered Level 3 of the Elven Halls
 48255 | Elf:3    | Paralysed by an air elemental for 1 turns
 48350 | Elf:3    | Received a gift from Okawaru
 48582 | Elf:3    | Found a gateway to a bazaar.
 48626 | Bazaar   | Entered a bazaar
 48630 | Bazaar   | Found Ysaej's General Store.
 48636 | Bazaar   | Bought a scroll of teleportation for 48 gold pieces
 48652 | Bazaar   | Found Zaonaulu's Antique Armour Emporium.
 48673 | Bazaar   | Found Coikhar's Book Boutique.
 48693 | Bazaar   | Found Doexzos's Antique Weapon Shoppe.
 49574 | Elf:3    | Identified the ring of Matix {AC+4 Dex+2}
 49617 | Elf:3    | Identified the +6 whip of Hubris {freeze, rPois}
 49617 | Elf:3    | Identified the ring of Myricus {Fly rElec Slay+3 Stlth-}
 49626 | Elf:3    | Identified the ring "Joschet" {Fire Fly Int+6 Slay-6}
 49651 | Elf:3    | Received a gift from Okawaru
 49691 | Elf:3    | Identified the amulet of Tomips {RegenMP SInv}
 49695 | Elf:3    | Identified the staff of Truncation {rF+ Int+4 Fire}
 50010 | Elf:3    | Identified the +2 robe of the Northern Lights {Int+3}
 50187 | Elf:3    | Identified the +4 scale mail of Kuydda Veqo {Harm ^Drain
                  | rC++ Str+2}
 50320 | Elf:3    | Got Sif Muna's Commentary on Glowing Lamentation
 50329 | Elf:3    | Identified the staff "Jogrop" {^Fragile rN+ Fire Earth}
 50331 | Elf:3    | Got Lupoaseg's Parchment of Crystalline Left-Handed Words
 50337 | Elf:3    | Identified the staff of Xafysmes {Int+2 Stlth- Conj Summ}
 50339 | Elf:3    | Got the Atlas of the Morbid Gift
 50394 | Elf:3    | Identified the +0 pair of boots "Xoacem" {+Blink rF++ rCorr
                  | Dex+4 Stlth-}
 50665 | Vaults:1 | Entered Level 1 of the Vaults
 50675 | Vaults:1 | Noticed Zenata
 50689 | Vaults:1 | Killed Zenata
 50941 | Vaults:1 | Identified the serpent talisman "Niadareu" {rCorr}
 50950 | Vaults:1 | Noticed Nikola
 50970 | Vaults:1 | Killed Nikola
 51857 | Vaults:1 | Found Hebril's Antique Armour Shoppe.
 52177 | Vaults:1 | Received a gift from Okawaru
 52225 | Vaults:1 | You are sucked into a shaft and drop 1 floor!
 52266 | Vaults:2 | Reached XP level 21. HP: 162/244 MP: 29/29
 52288 | Vaults:2 | Reached skill level 10 in Axes
 53466 | Vaults:2 | Received a gift from Okawaru
 53760 | Vaults:2 | Reached skill level 22 in Fighting
 54437 | Vaults:2 | Found a staircase to the Crypt.
 54995 | Vaults:3 | Identified the +1 rapier of Celoefri {flame, Will+ rCorr}
 55041 | Vaults:3 | Received a gift from Okawaru
 55585 | Vaults:3 | Identified the ring of Absolutism {Ice rElec Str+5}
 55731 | Vaults:3 | Found Gelanul's Armour Boutique.
 55732 | Vaults:3 | Noticed Jory
 55752 | Vaults:3 | Killed Jory
 56183 | Vaults:3 | Reached skill level 15 in Armour
 56374 | Vaults:3 | Found Cuulaara's General Store.
 56383 | Vaults:3 | Identified the +0 leather armour of Sodax {rPois}
 56453 | Vaults:3 | Received a gift from Okawaru
 57310 | Vaults:4 | Found a runed translucent door.
 57310 | Vaults:4 | Noticed Izusibb's ghost (veteran DjCj)
 57402 | Vaults:4 | Reached XP level 22. HP: 257/257 MP: 30/30
 57856 | Vaults:4 | Identified the +1 bardiche of the Unseen Realm {elec, Int-5
                  | Dex+6}
 57888 | Vaults:4 | Identified the orb of Idealism {light, rF++ Will+ Str+4
                  | Stlth+}
 57888 | Vaults:4 | Noticed Frederick
 57897 | Vaults:4 | Killed Frederick
 57897 | Vaults:4 | Received a gift from Okawaru
 58576 | Vaults:4 | Noticed Xtahua
 58591 | Vaults:4 | Killed Xtahua
 58894 | Vaults:4 | Reached skill level 23 in Fighting
 58903 | Vaults:4 | Killed Izusibb's ghost
 59089 | Depths:1 | Entered Level 1 of the Depths
 59089 | Depths:1 | Found a one-way gateway to a ziggurat.
 59494 | Depths:1 | Got Sif Muna's Directory of the Inferno
 59785 | Depths:1 | Reached skill level 10 in Evocations
 59788 | Depths:1 | Received a gift from Okawaru
 59905 | Depths:1 | Found a gateway to Hell.
 60250 | Depths:1 | Found Yleddef's Book Shop.
 60250 | Depths:1 | Found Kynu's Jewellery Emporium.
 60252 | Depths:1 | Found Gucko's Jewellery Emporium.
 60266 | Depths:1 | Bought the ring of Dogygem {rElec rPois rCorr Str+6 Int-3}
                  | for 1177 gold pieces
 60336 | Depths:1 | Found a shimmering blue altar of Sif Muna.
 60717 | Depths:1 | Found an ornate altar of the Wu Jian Council.
 61493 | Depths:2 | Noticed the Enchantress
 61572 | Depths:1 | Killed the Enchantress
 61766 | Depths:2 | Received a gift from Okawaru
 61790 | Depths:2 | Found Gozag's Antique Armour Shoppe.
 61796 | Depths:2 | Noticed a golden dragon
 61797 | Depths:2 | Found an opulent altar of Gozag.
 61800 | Depths:2 | Found Gozag's Assorted Antiques.
 61803 | Depths:2 | Found Gozag's Antique Weapon Emporium.
 62333 | Depths:2 | Found a hazy altar of Hepliaklqana.
 62347 | Depths:2 | Reached XP level 23. HP: 255/269 MP: 31/31
 62560 | Depths:2 | Found a one-way gate leading to the halls of Pandemonium.
 62727 | Depths:2 | Killed a golden dragon
 63864 | Depths:3 | Received a gift from Okawaru
 64449 | Depths:3 | You are sucked into a shaft and drop 1 floor!
 64449 | Depths:4 | Entered Level 4 of the Depths
 64449 | Depths:4 | Found Vemugy's Jewellery Shoppe.
 64457 | Depths:3 | Noticed a golden dragon
 64457 | Depths:3 | Noticed a golden dragon
 64492 | Depths:4 | Reached skill level 24 in Fighting
 64545 | Depths:4 | Received a gift from Okawaru
 64995 | Depths:4 | Found Utwuf's Distillery.
 65004 | Depths:4 | Bought a potion of curing for 54 gold pieces
 65589 | Depths:3 | Noticed a caustic shrike
 65589 | Depths:3 | Noticed a caustic shrike
 65592 | Depths:3 | Noticed a caustic shrike
 65594 | Depths:3 | Killed a caustic shrike
 65598 | Depths:3 | Killed a caustic shrike
 65604 | Depths:3 | Killed a caustic shrike
 65629 | Depths:3 | Noticed a caustic shrike
 65635 | Depths:3 | Killed a caustic shrike
 65639 | Depths:3 | Noticed a caustic shrike
 65651 | Depths:3 | Killed a caustic shrike
 65660 | Depths:3 | Reached skill level 15 in Axes
 65661 | Depths:3 | Noticed a juggernaut
 65674 | Depths:3 | Killed a juggernaut
 65736 | Depths:3 | Killed a golden dragon
 65748 | Depths:3 | Received a gift from Okawaru
 65979 | Depths:3 | Killed a golden dragon
 65980 | Depths:3 | Reached XP level 24. HP: 219/283 MP: 31/31
 66703 | Depths:4 | Noticed a caustic shrike
 66706 | Depths:4 | Noticed a caustic shrike
 66707 | Depths:4 | Noticed a caustic shrike
 66708 | Depths:4 | Noticed a caustic shrike
 66710 | Depths:4 | Killed a caustic shrike
 66786 | Depths:4 | Killed a caustic shrike
 66797 | Depths:4 | Killed a caustic shrike
 66801 | Depths:4 | Killed a caustic shrike
 67242 | Depths:4 | Received a gift from Okawaru
 67518 | Depths:4 | Found a gate to the Realm of Zot.
 67900 | Vaults:5 | Entered Level 5 of the Vaults
 67908 | Vaults:4 | Reached skill level 15 in Throwing
 68801 | Vaults:5 | Received a gift from Okawaru
 69638 | Vaults:5 | Reached skill level 25 in Fighting
 69657 | Vaults:5 | Shot with a bolt by a yaktaur captain

Illustrated notes

Levels and vault maps discovered:
D:1:      minmay_arrival_stone_box, layout_basic,
          hellmonk_ecumenical_altar_watching_god, serial_shops,
          nicolae_shop_statue_plus, shop, shop, nicolae_shop_rolling_square
D:2:      layout_rooms, basic_altar, uniq_jessica
D:3:      minmay_goblin_kobold_castle, layout_basic, serial_shops,
          nicolae_shop_statue_plus, nicolae_shop_industrial_runoff,
          nicolae_shop_just_a_little_nook, nrook_loot_triangle, hex_tiny
D:4:      layout_basic, guppyfry_early_lair_pool
D:5:      layout_rooms, hangedman_minor_gate_pass, uniq_menkaure
D:6:      layout_basic, minmay_misc_feat_nine_boxes
D:7:      layout_rooms, temple_green, nicolae_phantomly_mirrored
D:8:      layout_rooms, erik_lair_island, hangedman_abyss_or_decor_clamps,
          hangedman_decor_peaks_small
D:9:      layout_basic, grunt_dithmenos_shadows, general_overflow_altar,
          minmay_guarded_unrand_variability
D:10:     layout_long_grid, grunt_temple_overflow_open,
          mainiacjoe_overflow_cross_hatched, serial_shops, shop,
          nicolae_shop_firing_range
D:11:     layout_cross, orc_0_dummy, serial_shops, nicolae_stop_n_shop_1,
          nicolae_diode_basic, uniq_harold
D:12:     gammafunk_sealed_library, layout_rooms, uniq_jorgrun
D:13:     layout_cave_pools, serial_shops, nicolae_shop_peninsula
D:14:     layout_cave_pools, david_vaults_5, wad_floor_pattern_untrapped,
          billiards_dpeg, uniq_nessos
D:15:     hangedman_depths_entry_try_elsewhere_first, layout_rooms,
          serial_aquarium, aquarium_bridge_square [aquarium_subvault_balcony,
          aquarium_subvault_window, aquarium_subvault_bridge,
          aquarium_subvault_bridge], aquarium_window_fake, aquarium_window_1,
          aquarium_view_2c, aquarium_view_2b, aquarium_balcony_3b,
          regret_index_xom_buried_treasure, serial_bayou_lake_a
Temple:   nicolae_temple_bog_church
Lair:1:   layout_hall_layers, special_room [special_room_bee]
Lair:2:   layout_big_grid, minmay_snake_entry_spellcaster,
          nicolae_lair_lil_pond, minmay_lair_oklob_items, grunt_megastairs_3
Lair:3:   beargit_carnivore_pack, layout_cave_pods, elwin_shoals_entry_rocks,
          hellmonk_ghost_happy_afterlife
Lair:4:   layout_loops_ring, slime_entry_1, nzn_ghost_randoct, uniq_josephine
Lair:5:   hellmonk_lair_end_abyssal_woods, layout_regular_city,
          nicolae_lair_lakeside_cave, uniq_kirke
Shoals:1: layout_shoals, nicolae_shoals_lost_giant_pillars,
          nicolae_shoals_pincushion_passage
Shoals:2: layout_shoals, minmay_shop_enchanted_jewellery,
          nicolae_shoals_hunting_party
Shoals:3: layout_shoals, uniq_ilsuiw, uniq_mara
Shoals:4: shoals_end_simple, layout_shoals, nicolae_shoals_lost_giant_baths
Snake:1:  layout_cave_shapes, portal_ice_cave_entry_pillars_2,
          nicolae_triple_integral, uniq_agnes, uniq_aizul, uniq_asterion
Snake:2:  layout_rooms, gammafunk_ghost_berserking_beasts
Snake:3:  layout_chambers, nicolae_snake_snake_lake
Snake:4:  grunt_snake_rune_pools, layout_gridlike, ebering_ghost_xom, drop_trap
Orc:1:    layout_caves, elves_outpost_lemuel
Orc:2:    st_orc_congregation, layout_diamond_mine, uniq_erolcha, uniq_snorg
Elf:1:    layout_loops_corners, serial_shops, shop, basic_altar,
          nicolae_elf_crossing_hall, minmay_shoptagon
Elf:2:    nicolae_elf_blades_crystal_corner, layout_onion_city,
          nicolae_shop_sticking_my_neck_out
Elf:3:    elf_hall_gauntlet_wide, layout_onion_city, serial_shops,
          bzr_in_the_mist
Vaults:1: ontoclasm_vaults_tryst, serial_ice_h, nicolae_vaults_tetromino_T_1,
          hangedman_vaults_river_flow, grunt_vaults_hallway_short,
          nicolae_vaults_asterisk, nicolae_vaults_stepped_doors,
          nicolae_vaults_apartment_1, vaults_dpeg_encased_lava,
          layout_vaults_omnigrid, serial_shops, shop, uniq_nikola, uniq_zenata
Vaults:2: ontoclasm_vaults_bender, vaults_mumra_hexcomb,
          nicolae_vaults_double_plus_3, nicolae_vaults_double_plus_3, v_misc_3,
          hangedman_vaults_stretched_pinwheel, vaults_room_pools,
          minmay_crypt_entry_simple_statues, nicolae_vaults_more_shelving_2,
          v_misc_15, v_misc_23, nicolae_vaults_shelves_hall,
          nicolae_vaults_six-pack, v_misc_4, layout_vaults_big_cross
Vaults:3: v_rooms_3, nicolae_vaults_offset_grid_hallway_2,
          nicolae_vaults_tetromino_Z_2, nicolae_vaults_taking_the_gang_shopping,
          nicolae_vaults_shrinking_rooms_2, nicolae_vaults_wine_cellar,
          nicolae_vaults_trapezoid_1, v_misc_2, nicolae_vaults_specimen_jars,
          nicolae_vaults_turnstiles, nicolae_vaults_angled_halls,
          nicolae_vaults_hallways_thing, vaults_dpeg_spiral,
          nicolae_vaults_little_squares_3, layout_vaults_maze, serial_shops,
          shop, uniq_jory
Vaults:4: ebering_ghost_inner_flame, nicolae_vaults_lightning_bolt, v_misc_16,
          v_pattern_5, vaults_mumra_minichess, ontoclasm_vaults_misaligned,
          nicolae_vaults_little_squares_6, nicolae_vaults_hexular_roomagon,
          hangedman_vaults_pinch, nicolae_vaults_octothorpe, minmay_orc_keep,
          nicolae_vaults_closet_pinwheel_1, v_misc_28, nicolae_vaults_diamond_1,
          nicolae_vaults_offset_grid_hallway_4, grunt_vaults_diagonal,
          layout_vaults_omnibox, uniq_xtahua, uniq_frederick
Vaults:5
Depths:1: layout_gridville, enter_ziggurat_f, led_sif_pool,
          pf_hell_entry_tar_spiral, abyss_entry,
          nicolae_wu_jian_immortal_techniques, minmay_shop_grove
Depths:2: kennysheep_gozag_temple, layout_gridville, pan_entry, hell_entry,
          worldfamousw_hep_ancestral_shrine, infiniplex_staircase_pillars_1,
          uniq_enchantress
Depths:3: grunt_runaround [grunt_runaround_loot, grunt_runaround_doors_1,
          grunt_runaround_doors_2, grunt_runaround_doors_3,
          grunt_runaround_doors_4], serial_shops, hell_entry, abyss_entry
Depths:4: evilmike_zot_entry_gauntlet, layout_cave_pools, serial_shops, shop,
          nicolae_shop_gaudy_bauble, minmay_misc_feat_alley,
          rand_demon_pan_entry_9, hell_entry, fountainhead

Skill      XL: |  1  2  3  4  5  6  7  8  9 10 11 12 13 14 15 16 17 18 19 20 21 22 23 24 |
---------------+-------------------------------------------------------------------------+-----
Fighting       | 3 4 5 6 7 9 10 11 12 14 15 16 17 18 19 20 21 22 23 24 25 | 25.0
Maces & Flails | 4 5 6 8 9 11 12 14 15 16 18 19 20 21 22 23 24 | 24.6
Throwing       | 3 4 5 6 7 10 11 12 13 14 15 | 15.2
Armour         | 2 3 5 6 7 8 9 10 11 12 13 14 15 16 17 | 17.3
Evocations     | 1 2 4 5 6 7 8 9 10 11 | 11.3
Dodging        | 3 5 6 7 |  7.0
Invocations    | 2 6 7 9 10 11 | 11.0
Axes           | 5 9 12 14 15 16 | 16.0

Action                     |  1- 3 |  4- 6 |  7- 9 | 10-12 | 13-15 | 16-18 | 19-21 | 22-24 || total
---------------------------+-------+-------+-------+-------+-------+-------+-------+-------++-------
  Melee: Flail             |    72 |   282 |   210 |   181 |       |       |       |       ||   745
         Headbutt          |     7 |    38 |    40 |    86 |   248 |   325 |   423 |   401 ||  1568
         Punch             |     1 |       |       |     1 |       |       |       |       ||     2
         Great mace        |       |       |       |   274 |  1080 |  1211 |  1458 |  1194 ||  5217
         Unarmed           |       |       |       |       |    26 |       |       |       ||    26
         Executioner's axe |       |       |       |       |       |       |       |    50 ||    50
  Throw: Dart              |     3 |    14 |    50 |   124 |   187 |    18 |       |       ||   396
         Large rock        |       |     1 |     4 |     6 |       |   117 |   179 |   146 ||   453
 Invoke: Heroism           |       |       |       |     1 |     5 |     8 |     8 |     6 ||    28
         Finesse           |       |       |       |       |     3 |     5 |     3 |     2 ||    13
         Receive Weapon    |       |       |       |       |     1 |       |       |       ||     1
         Receive Armour    |       |       |       |       |     1 |       |       |       ||     1
  Evoke: Wand              |       |       |     3 |     1 |       |     6 |     3 |     2 ||    15
         Phantom mirror    |       |       |       |     1 |       |       |       |       ||     1
    Use: Scroll            |     5 |     6 |     5 |     4 |     6 |     5 |     8 |    12 ||    51
         Potion            |       |     1 |     4 |    10 |     7 |     9 |     7 |    16 ||    54
   Stab: Distracted        |       |     2 |       |     2 |       |       |       |       ||     4
         Sleeping          |       |     1 |       |     1 |       |       |       |       ||     2
         Paralysed         |       |       |     2 |       |       |       |       |       ||     2
         Petrifying        |       |       |       |     2 |       |       |       |       ||     2
         Petrified         |       |       |       |       |     3 |       |       |       ||     3
         Invisible         |       |       |       |       |       |       |       |     3 ||     3
 Armour: Robe              |    54 |   178 |   182 |    60 |       |       |       |       ||   474
         Troll leather arm |       |       |       |   300 |   101 |       |       |       ||   401
         Skin              |       |       |       |       |    14 |       |       |       ||    14
         Gold dragon scale |       |       |       |       |  1040 |  1268 |  1446 |  1356 ||  5110
  Dodge: Dodged            |    38 |   253 |   237 |   431 |   634 |   538 |   544 |   565 ||  3240
  Block: Other             |       |       |       |       |    20 |   232 |   237 |   197 ||   686
         Reflection        |       |       |       |       |     1 |    31 |    21 |    10 ||    63

Table legend: (Time is in decaauts)
 A = Elapsed time spent in this place.
 B = Non-inter-level travel time spent in this place.
 C = Inter-level travel time spent in this place.
 D = Time resting spent in this place.
 E = Time spent auto-exploring this place.
 F = Levels seen in this place.
 G = Mean time per level.
                   A        B        C        D        E       F      G
               +--------+--------+--------+--------+--------+-----+--------+
         Total |  68467 |  63757 |   4710 |   6649 |  43258 |  45 | 1521.5 |
       Dungeon |  16521 |  14180 |   2341 |    312 |  10590 |  15 | 1101.4 |
        Temple |      1 |      1 |      0 |      0 |      0 |   1 |    1.0 |
          Lair |   7824 |   7285 |    539 |    308 |   5109 |   5 | 1564.8 |
        Shoals |   8395 |   8201 |    194 |   2054 |   4285 |   4 | 2098.8 |
     Snake Pit |   7433 |   7110 |    323 |    866 |   4929 |   4 | 1858.2 |
  Orcish Mines |   3618 |   3296 |    322 |    517 |   2025 |   2 | 1809.0 |
   Elven Halls |   6027 |   5832 |    195 |   1183 |   3390 |   3 | 2009.0 |
        Vaults |   9644 |   9202 |    442 |    125 |   7602 |   5 | 1928.8 |
        Depths |   8291 |   7940 |    351 |   1007 |   5029 |   4 | 2072.8 |
        Bazaar |    103 |    103 |      0 |      0 |     85 |   1 |  103.0 |
      Ice Cave |    605 |    605 |      0 |    275 |    213 |   1 |  605.0 |
               +--------+--------+--------+--------+--------+-----+--------+

Top non-repeatable levels by time:
Vaults:4: 3762 daAuts
Depths:1: 3187 daAuts
Shoals:4: 2967 daAuts
 Snake:3: 2588 daAuts
  Lair:5: 2474 daAuts
Depths:3: 2355 daAuts
   Orc:2: 2302 daAuts
   Elf:3: 2252 daAuts
     D:3: 2251 daAuts
Shoals:3: 2225 daAuts
 Snake:4: 2166 daAuts
   Elf:2: 2154 daAuts
Vaults:2: 2028 daAuts
Vaults:3: 1909 daAuts
Vaults:1: 1843 daAuts
